 Dungeon Crawl Stone Soup version 0.27-a0-1137-g3ef0f4ec91 (webtiles) character file.

Game seed: 11358488739836707218

2975 leviel the Cleaver (level 9, -9/75 HPs)
             Began as a Minotaur Fighter on May 7, 2021.
             Mangled by a shadow (21 damage)
             ... on level 8 of the Dungeon.
             The game lasted 00:06:55 (9860 turns).

leviel the Cleaver (Minotaur Fighter)               Turns: 9860, Time: 00:06:55

Health: -9/75      AC:  8    Str: 21    XL:     9   Next: 53%
Magic:  8/8        EV:  9    Int:  7    God:
Gold:   358        SH: 12    Dex: 13    Spells: 8/8 levels left

rFire    . . .     SeeInvis .   v - +8 long sword of Zyutaot {venom, Int+2}
rCold    . . .     Faith    .   c - +1 kite shield
rNeg     . . .     Spirit   .   b - +0 scale mail
rPois    .         Reflect  .   (helmet restricted)
rElec    .         Harm     .   (no cloak)
rCorr    .         Rampage  .   (no gloves)
Will     .....                  (no boots)
Stlth    ..........             (no amulet)
HPRegen  0.22/turn              i - ring of flight
MPRegen  0.11/turn              (no ring)

@: flying
A: horns 2, retaliatory headbutt
a: no special abilities


You were on level 8 of the Dungeon.
You visited 2 branches of the dungeon, and saw 9 of its levels.

You collected 358 gold pieces.

Inventory:

Hand Weapons
 a - a +4 war axe
 v - the +8 long sword of Zyutaot (weapon) {venom, Int+2}
   (You found it on level 5 of the Dungeon)

   It poisons the flesh of those it strikes.
   It affects your intelligence (+2).
Missiles
 h - 5 atropa-tipped darts (quivered)
Armour
 b - a +0 scale mail (worn)
 c - a +1 kite shield (worn)
Jewellery
 i - a ring of flight (left hand)
 B - an amulet of guardian spirit
Wands
 j - a wand of flame (43)
 w - a wand of iceblast (7)
Scrolls
 d - a scroll of enchant armour
 e - 2 scrolls of identify {unknown}
 f - a scroll of vulnerability {unknown}
 m - 3 scrolls of teleportation {unknown}
 o - 2 scrolls of magic mapping {unknown}
 s - 2 scrolls of enchant weapon {unknown}
 x - a scroll of amnesia {unknown}
 y - a scroll of blinking {unknown}
 z - a scroll of fear {unknown}
 A - a scroll of torment {unknown}
Potions
 g - 2 potions of magic {unknown}
 k - 2 potions of heal wounds {unknown}
 l - 2 potions of mutation {unknown}
 n - 2 potions of attraction {unknown}
 p - 6 potions of curing
 q - a potion of brilliance {unknown}
 r - a potion of ambrosia {unknown}
 t - 3 potions of degeneration {unknown}
 u - a potion of cancellation {unknown}


   Skills:
 + Level 6.2 Fighting
 + Level 5.8 Long Blades
 * Level 9.6 Axes
 + Level 7.7 Armour
 + Level 3.1 Dodging
 + Level 0.4 Stealth
 + Level 7.5 Shields


You had 8 spell levels left.
You didn't know any spells.
Your spell library was empty.

Dungeon Overview and Level Annotations

Branches:
Dungeon (8/15)             Temple (1/1) D:7
   Lair: D:8-11

Altars:
Ashenzari
Cheibriados
Dithmenos
Elyvilon
Fedhas
Hepliaklqana
Makhleb
Nemelex Xobeh
Qazlal
Trog
Xom
Yredelemnul
Zin

Shops:
D:4 (   D:6 (


Innate Abilities, Weirdness & Mutations

You have a pair of horns on your head.
You reflexively headbutt those who attack you in melee.


Message History

No target in view!
No target in view!
No target in view!
No target in view!
No target in view!
No target in view!
No target in view!
A shadow comes into view.
A shadow is nearby!
A shadow is nearby!
An electric eel comes into view.
The electric eel shoots out a bolt of lightning at you!
The bolt of electricity hits you.
The shadow slips into darkness.
The shadow flickers and vanishes!
Deactivating autopickup; reactivate with Ctrl-A.
The electric eel shoots out a bolt of lightning at you!
The bolt of electricity hits you!
Found an escape hatch in the ceiling.
You hit something.
The shadow strikes at you from the darkness!
Reactivating autopickup.
You block the shadow's attack.
You are too injured to fight recklessly!
You are too injured to fight recklessly!
Unknown command.
You slash the shadow! Your headbutt misses the shadow.
The shadow is severely damaged.
The shadow slips into darkness.
The shadow flickers and vanishes!
Deactivating autopickup; reactivate with Ctrl-A.
You closely miss something.
The shadow strikes at you from the darkness!
* * * LOW HITPOINT WARNING * * *
Reactivating autopickup.
The shadow slips into darkness.
The shadow flickers and vanishes!
Deactivating autopickup; reactivate with Ctrl-A.
The shadow strikes at you from the darkness!
You die...

######.### ##
........... ##.
#.......<...#####..
#.≈................
#.;................
###.......≈.........)
+.............≈≈..†≈.
#.@.......≈≈≈≈...≈≈
#..{.....≈≈≈≈......
#.........≈≈≈≈.....
#.≈≈......≈≈≈≈.....
#.≈≈≈....≈≈≈≈......
#...≈...≈≈≈≈≈≈.....
#.≈≈≈....>≈≈≈≈.....
#...†.....≈≈≈≈.....
#..........≈≈≈.....


You could see an electric eel.

Vanquished Creatures
  A wyvern (D:8)
  A steam dragon (D:7)
  Menkaure (D:7)
  2 water moccasins
  4 orc warriors
  2 black bears (D:5)
  3 ogres
  A necrophage (D:5)
  A phantom (D:6)
  2 bullfrogs
  2 scorpions (D:6)
  A wyvern zombie (D:2)
  2 electric eels (D:8)
  A vampire bat (D:3)
  4 howler monkeys
  2 centaur zombies
  2 bullfrog zombies
  Crazy Yiuf (D:2)
  A hound (D:6)
  4 orc priests
  A bullfrog skeleton (D:7)
  Jessica (D:2)
  3 iguanas
  5 orc wizards
  A hound zombie (D:5)
  8 adders
  A shadow imp (D:6)
  A white imp (D:6)
  An adder skeleton (D:4)
  3 worms (D:2)
  A dart slug (D:4)
  3 fire bats (D:3)
  25 orcs
  2 spectral bats (D:3)
  3 bat skeletons (D:3)
  A bat zombie (D:3)
  4 endoplasms
  4 giant cockroaches
  11 goblins
  7 hobgoblins
  7 jackals
  4 quokkas
  7 ball pythons
  16 bats
  A bat simulacrum (D:3)
  A frilled lizard (D:1)
  4 kobolds
  8 rats
172 creatures vanquished.

Notes
Turn   | Place    | Note
-------+----------+-------------------------------------------
     0 | D:1      | leviel the Minotaur Fighter began the quest for the Orb.
     0 | D:1      | Reached XP level 1. HP: 19/19 MP: 0/0
    95 | D:1      | Reached XP level 2. HP: 13/27 MP: 1/1
   260 | D:1      | Found a faded altar of an unknown god.
   769 | D:1      | Reached XP level 3. HP: 33/33 MP: 2/2
  1200 | D:2      | Reached skill level 3 in Axes
  1308 | D:2      | Reached XP level 4. HP: 38/40 MP: 3/3
  1330 | D:2      | Found a runed translucent door.
  1331 | D:2      | Noticed Crazy Yiuf
  1913 | D:2      | Reached skill level 4 in Axes
  1913 | D:2      | Reached skill level 5 in Shields
  1913 | D:2      | Reached XP level 5. HP: 5/46 MP: 4/4
  2302 | D:2      | Noticed Jessica
  2307 | D:2      | Killed Jessica
  2833 | D:2      | Killed Crazy Yiuf
  3009 | D:3      | Reached skill level 5 in Axes
  3180 | D:3      | Reached XP level 6. HP: 48/53 MP: 5/5
  3292 | D:3      | Reached skill level 5 in Armour
  3529 | D:3      | Found a glowing silver altar of Zin.
  3765 | D:4      | Reached skill level 6 in Axes
  3765 | D:4      | Reached skill level 1 in Dodging
  4370 | D:4      | Found Jid Xiga's Weapon Boutique.
  4446 | D:4      | Reached XP level 7. HP: 24/60 MP: 6/6
  4950 | D:5      | Entered Level 5 of the Dungeon
  4965 | D:5      | Reached skill level 7 in Axes
  5708 | D:5      | Identified the +8 long sword of Zyutaot {venom, Int+2}
  5777 | D:5      | Reached skill level 8 in Axes
  5777 | D:5      | Reached XP level 8. HP: 67/67 MP: 7/7
  5859 | D:5      | Identified the +0 ring mail of the Moon {Drain Str+2 Int+8
                  | SInv}
  5873 | D:5      | Reached skill level 5 in Fighting
  6344 | D:6      | Reached skill level 1 in Long Blades
  6441 | D:6      | Found Zimei's Antique Weapon Boutique.
  7388 | D:7      | Reached skill level 9 in Axes
  7432 | D:7      | Reached XP level 9. HP: 12/74 MP: 8/8
  8133 | D:7      | Reached skill level 5 in Long Blades
  8738 | D:7      | Noticed Menkaure
  8743 | D:7      | Killed Menkaure
  8907 | D:7      | Found a staircase to the Ecumenical Temple.
  9152 | Temple   | Entered the Ecumenical Temple
  9860 | D:8      | Mangled by a shadow

Illustrated notes

Levels and vault maps discovered:
D:1:      dpeg_arrival_brainrot, layout_loops_ring, basic_ecumenical_altar
D:2:      layout_basic, uniq_crazy_yiuf_cottage, uniq_jessica
D:3:      layout_rooms, general_overflow_altar, goddamned_bats
D:4:      layout_loops_cross, serial_shops, shop, grunt_ministairs_4
D:5:      layout_basic, serial_glass, glass_columns_c, glass_columns_a,
          glass_columns_b, minmay_strange_pillars, feat_on_display
D:6:      minmay_recursive_quarters, layout_rooms, serial_shops, shop_statue,
          kennysheep_path_1
D:7:      layout_loops_ring, minmay_temple_entry_mist, minmay_misc_feat_x,
          hangedman_abyss_or_decor_lesser_grid, uniq_menkaure
D:8:      layout_basic, grunt_temple_overflow_open, gammafunk_ghost_endoplasm
Temple:   nicolae_temple_x_marks_the_god

Skill      XL: |  1  2  3  4  5  6  7  8  9 |
---------------+----------------------------+-----
Fighting       | 4 5 6 |  6.2
Armour         | 4 5 6 7 |  7.7
Shields        | 4 5 6 7 |  7.5
Axes           | 3 4 5 6 8 9 |  9.6
Dodging        | 1 2 3 |  3.1
Long Blades    | 4 5 |  5.8
Stealth        | |  0.4

Action                   |  1- 3 |  4- 6 |  7- 9 || total
-------------------------+-------+-------+-------++-------
Melee: War axe           |    63 |   144 |    39 ||   246
       Headbutt          |     7 |    18 |    39 ||    64
       Long sword        |       |       |   152 ||   152
  Use: Potion            |     1 |     1 |       ||     2
       Scroll            |       |       |     1 ||     1
Armor: Scale mail        |    28 |    92 |    74 ||   194
Dodge: Dodged            |    19 |    61 |    67 ||   147
Block: Kite shield       |    39 |    93 |   129 ||   261
       Rpst.: Long sword |       |       |    14 ||    14

Table legend: (Time is in decaauts)
 A = Elapsed time spent in this place.
 B = Non-inter-level travel time spent in this place.
 C = Inter-level travel time spent in this place.
 D = Time resting spent in this place.
 E = Time spent auto-exploring this place.
 F = Levels seen in this place.
 G = Mean time per level.
                   A        B        C        D        E       F      G
               +--------+--------+--------+--------+--------+-----+--------+
         Total |  10040 |   9689 |    351 |   2325 |   6395 |   9 | 1115.6 |
       Dungeon |   9982 |   9640 |    342 |   2325 |   6345 |   8 | 1247.8 |
        Temple |     58 |     50 |      8 |      0 |     50 |   1 |   58.0 |
               +--------+--------+--------+--------+--------+-----+--------+

Top non-repeatable levels by time:
     D:2: 1857 daAuts
     D:7: 1836 daAuts
     D:5: 1397 daAuts
     D:4: 1313 daAuts
     D:1: 1209 daAuts
     D:6: 1059 daAuts
     D:3: 679 daAuts
     D:8: 629 daAuts
  Temple: 58 daAuts
